 Dungeon Crawl Stone Soup version 0.30-a0-867-g305f33218d (webtiles) character file.

Game seed: 840855060109060537

279777 Pooter the Executioner (level 19, -11/177 HPs)
             Began as a Minotaur Berserker on Mar 10, 2023.
             Was the Champion of Trog.
             Mangled by a vault warden
             ... wielding a +0 great mace
             ... summoned by a boggart
              (19 damage)
             ... on level 1 of the Vaults on Mar 11, 2023.
             The game lasted 04:08:15 (44009 turns).

Pooter the Executioner (Minotaur Berserker)        Turns: 44009, Time: 04:08:16

Health: -11/177    AC: 32    Str: 29    XL:     19   Next: 66%
Magic:  18/18      EV: 16    Int: 12    God:    Trog [******]
Gold:   2115       SH:  0    Dex: 26    Spells: 18/18 levels left

rFire   + . .      SeeInvis .    a - +9 battleaxe of Spite {heavy, rC- rN+++ Will- Int+3}
rCold   x . .      Faith    .    (shield currently unavailable)
rNeg    + + +      Spirit   .    E - +5 plate armour of Insurance {+Blink Str-2 Dex+7 Slay+4}
rPois   +          Reflect  .    U - +2 hat {Stlth+}
rElec   .          Rampage  .    h - scarf {rC+ rF+}
rCorr   .          Clarity  +    R - +2 pair of gloves
Will    ++++.                    k - +2 pair of boots of Xetec {Fly rC- Int+3}
Stlth   +                        m - amulet of the Four Winds {rN+ Will+++ Clar}
HPRegen 0.49/turn                o - +6 ring of strength
MPRegen 0.16/turn                r - +6 ring of dexterity

@: on berserk cooldown, flying, slowed, studying Armour, very slow
A: horns 2, retaliatory headbutt, strong-willed 1, poison resistance
}: 2/15 runes: decaying, serpentine
a: Renounce Religion, Evoke Blink, Berserk, Trog's Hand, Brothers in Arms


You were on level 1 of the Vaults.
You worshipped Trog.
Trog was exalted by your worship.
You visited 7 branches of the dungeon, and saw 34 of its levels.
You also visited: Ossuary and Gauntlet.

You collected 5911 gold pieces.
You spent 3796 gold pieces at shops.

Inventory:

Hand Weapons
 a - the +9 battleaxe of Spite (weapon) {heavy, rC- rN+++ Will- Int+3}
   (You took it off a deep elf pyromancer on level 3 of the Elven Halls)

   Int:       It affects your intelligence (+3).
   rC:        It makes you vulnerable to cold.
   rN:        It renders you almost immune to negative energy.
   Will:      It decreases your willpower.
 b - a +5 heavy arbalest
   (You took it off an orc knight on level 2 of the Orcish Mines)
 u - a +4 heavy executioner's axe
   (Trog gifted it to you on level 7 of the Dungeon)
Missiles
 g - a datura-tipped dart
 l - 7 silver javelins
 q - 24 boomerangs (quivered)
 G - 6 boomerangs of dispersal {!f}
 I - 9 curare-tipped darts
 S - 15 javelins
Armour
 h - a scarf of resistance (worn)
   (You found it on level 11 of the Dungeon)
 k - the +2 pair of boots of Xetec (worn) {Fly rC- Int+3}
   (You found it in a Gauntlet)

   Int:       It affects your intelligence (+3).
   rC:        It makes you vulnerable to cold.
   Fly:       It grants you flight.
 E - the +5 plate armour of Insurance (worn) {+Blink Str-2 Dex+7 Slay+4}
   (You acquired it on level 2 of the Dungeon)

   Str:       It affects your strength (-2).
   Dex:       It affects your dexterity (+7).
   Slay:      It affects your accuracy & damage with ranged weapons and melee
   (+4).
   +Blink:    It lets you blink.
 R - a +2 pair of gloves (worn)
   (You found it on level 8 of the Dungeon)
 U - a +2 hat of stealth (worn)
   (You took it off Gastronok on level 1 of the Lair of Beasts)
Jewellery
 m - the amulet of the Four Winds (around neck) {rN+ Will+++ Clar}
   (You bought it in a shop on level 3 of the Elven Halls)

   [amulet of nothing]

   rN:        It protects you from negative energy.
   Clar:      It protects you against confusion.
   Will:      It greatly increases your willpower.
 o - a +6 ring of strength (left hand)
   (You found it on level 2 of the Dungeon)
 r - a +6 ring of dexterity (right hand)
   (You found it on level 3 of the Dungeon)
 C - a ring of resist corrosion
   (You found it in a Gauntlet)
 F - a ring of protection from fire
   (You found it on level 4 of the Dungeon)
 N - an amulet of reflection
   (You found it on level 5 of the Dungeon)
 P - the amulet "Rifey" {Regen+ Str+2 Slay+3}
   (You took it off a deep elf pyromancer on level 3 of the Elven Halls)

   [amulet of regeneration]

   Str:       It affects your strength (+2).
   Slay:      It affects your accuracy & damage with ranged weapons and melee
   (+3).
   Regen:     It increases your rate of health regeneration.
 T - a ring of ice
   (You took it off Fannar on level 1 of the Lair of Beasts)
Wands
 d - a wand of iceblast (22)
   (You found it on level 3 of the Dungeon)
 e - a wand of charming (17)
   (You bought it in a shop on level 1 of the Orcish Mines)
 f - a wand of flame (39)
   (You found it on level 3 of the Lair of Beasts)
 D - a wand of digging (10)
   (You took it off Ijyb on level 3 of the Dungeon)
 J - a wand of polymorph (9)
   (You found it on level 5 of the Dungeon)
 K - a wand of quicksilver (5)
   (You found it on level 3 of the Lair of Beasts)
 W - a wand of mindburst (13)
   (You found it on level 14 of the Dungeon)
Scrolls
 i - 5 scrolls of immolation {!r}
 j - 3 scrolls of fear
 s - 6 scrolls of fog
 t - 9 scrolls of teleportation {@r4}
 v - 6 scrolls of enchant armour
 x - 2 scrolls of silence
 y - 6 scrolls of blinking
 B - 6 scrolls of noise {!r}
 V - 7 scrolls of magic mapping
 X - 6 scrolls of poison {!r}
 Z - a scroll of summoning
Potions
 c - 28 potions of curing {@q1}
 n - 6 potions of resistance
 p - 6 potions of flight
 w - 9 potions of haste {@q3}
 z - 10 potions of heal wounds {@q2}
 A - 3 potions of might
 H - 7 potions of mutation {!q}
 M - 3 potions of attraction {!q}
 O - 6 potions of invisibility
 Y - 5 potions of cancellation
Miscellaneous
 L - a box of beasts
   (You found it on level 8 of the Dungeon)
 Q - a tin of tremorstones (inert)
   (You found it on level 3 of the Elven Halls)


   Skills:
 + Level 17.3 Fighting
 * Level 23.6 Axes
 - Level 16.8 Ranged Weapons
 + Level 8.3 Throwing
 + Level 17.4 Armour
 + Level 9.5 Dodging
 + Level 7.6 Stealth
 + Level 10.4 Evocations


You had 18 spell levels left.
You didn't know any spells.
Your spell library was empty.

Dungeon Overview and Level Annotations

Branches:
Dungeon (15/15)            Temple (0/1) D:7            Lair (5/5) D:8
  Swamp (4/4) Lair:2        Snake (4/4) Lair:3        Slime (0/5) Lair:5
    Orc (2/2) D:11            Elf (3/3) Orc:2        Vaults (1/5) D:13
 Depths (0/4) D:15        Ossuary (visited)         Gauntlet (visited)

Altars:
Cheibriados
Dithmenos
Hepliaklqana
Kikubaaqudgha
Ru
Sif Muna
Trog
Wu Jian
Yredelemnul
Jiyva

Shops:
D:2 [   D:12 :   Orc:1 *(   Orc:2 ((?:!   Elf:1 =   Elf:2 [   Elf:3 *
Snake:1 ((![   Snake:2 !(   Snake:4 **!

Portals:
Abyss: D:7
Pandemonium: Orc:2
Trove: D:15 (give +5 fire dragon scales)

Annotations:
Elf:2 3 runed translucent doors


Innate Abilities, Weirdness & Mutations

You have a pair of horns on your head.
You reflexively headbutt those who attack you in melee.
You are strong-willed. (Will+)
Your system is resistant to poisons. (rPois)


Message History

You furiously retaliate!
You headbutt the deep troll!
You kill the deep troll!
The deep troll's corpse dissolves into shadows!
You carve the green ugly thing like a ham!!!
Your headbutt misses the green ugly thing.
You hear a horrible gurgling sound!
The green ugly thing closely misses you.
You furiously retaliate!
You headbutt the green ugly thing!
You hear some strange, mumbled words.
You completely miss the green ugly thing.
You headbutt the green ugly thing.
You kill the green ugly thing!
The green ugly thing's corpse dissolves into shadows!
The wizard casts a spell.
The wizard flickers and vanishes!
The cyan ugly thing tail-slaps you!
* * * LOW HITPOINT WARNING * * *
The cyan ugly thing shocks you!
* * * LOW HITPOINT WARNING * * *
Unknown command.
You slash the cyan ugly thing! You headbutt the cyan ugly thing!
The cyan ugly thing barely misses you. You furiously retaliate!
You headbutt the cyan ugly thing.
You hear some strange, mumbled words.
You closely miss something. Your headbutt misses something.
The ironbound convoker gestures at the cyan ugly thing while chanting.
The cyan ugly thing seems to grow stronger.
Strange energies crackle from the ironbound thunderhulk's apparatus.
The ironbound thunderhulk blinks!
The vault warden activates a sealing rune.
A door slams shut!
Something hits you but does no damage.
You open the cyan ugly thing like a pillowcase!!!
You kill the cyan ugly thing!
The cyan ugly thing's corpse dissolves into shadows!
You slice something!!
Electricity crackles from the ironbound thunderhulk's apparatus.
The bolt of lightning misses you.
You slash the ironbound convoker! You headbutt the ironbound convoker!
You slice the purple ugly thing like a ripe choko!!!
You slash the vault warden! The purple ugly thing misses you.
You furiously retaliate!
You headbutt the purple ugly thing.
The vault warden hits you with a +0 great mace!
* * * LOW HITPOINT WARNING * * *
The ironbound convoker misses you. You furiously retaliate!
You headbutt the ironbound convoker! You slash the vault warden!
You headbutt the vault warden.
You closely miss the ironbound convoker.
You barely miss something.
The vault warden hits you with a +0 great mace!!
You die...

..#..#..#..#.. ######
## ##++## #...# #...#
#...# ###### #...#
.....# #...##
.....#######.#.+#####
.....#.........#@pO.#
...(.'†....#...#p.((..#
.....#.........#.u..#.#
.....######+####§..##
###### ....# ....#
....# .#####


You could see a vault warden (summoned), an ironbound thunderhulk (summoned), a
purple ugly thing (summoned) and an ironbound convoker (summoned).

Vanquished Creatures
  Saint Roka (Snake:3)
  the Lernaean hydra (Swamp:4)
  Zenata (Vaults:1)
  2 deep elf blademasters (Elf:3)
  2 deep elf master archers (Elf:3)
  Gastronok (Lair:1)
  A thorn hunter (Swamp:3)
  Kirke (Snake:3)
  A sphinx (D:12)
  A fenstrider witch (Swamp:2)
  Donald (Swamp:1)
  4 nagarajas
  5 deep elf sorcerers
  6 vault wardens (Vaults:1)
  A frost giant (Vaults:1)
  An emperor scorpion (D:15)
  A very ugly thing (Vaults:1)
  The ghost of luigi the Thaumaturge, a journeyman MeEE of Vehumet (Lair:5)
  A deep elf elementalist (Elf:3)
  3 orc warlords
  5 ironbound preservers (Vaults:1)
  4 ironbound thunderhulks (Vaults:1)
  7 deep elf demonologists
  8 dire elephants
  2 deep elf annihilators (Elf:3)
  6 bunyips
  2 eleionomae
  A minotaur (Gauntlet)
  8 deep elf death magi (Elf:3)
  Snorg (D:10)
  3 deep elf high priests
  2 fire dragons
  An entropy weaver (Vaults:1)
  2 vault guards
  2 yaktaur captains (Vaults:1)
  Fannar (Lair:1)
  26 hydras
  A demonspawn (Orc:2)
  A salamander tyrant (Snake:2)
  A ghost crab (Swamp:4)
  3 ironbound frosthearts (Vaults:1)
  10 anacondas
  The ghost of Darius099 the Grappler, a novice TrMo (D:7)
  15 dancing weapons
  6 boulder beetles
  2 ogre magi
  5 alligators
  6 centaur warriors
  13 two-headed ogres
  3 death yaks
  9 naga warriors
  6 tengu warriors
  Urug (Lair:3)
  6 orc high priests (Orc:2)
  5 shock serpents
  6 naga sharpshooters
  7 deep elf knights
  A soul eater (Orc:2)
  A skyshark (Lair:5)
  Amaemon (D:9)
  3 spriggans
  12 salamander mystics
  4 skeletal warriors (D:14)
  4 goliath frogs
  5 deep trolls (Vaults:1)
  2 spriggan simulacra (D:14)
  8 bog bodies
  4 deep elf archers
  A wizard (D:15)
  11 swamp dragons
  4 naga ritualists
  An ironbound convoker (Vaults:1)
  6 lindwurms
  5 harpies (Vaults:1)
  20 deep elf zephyrmancers
  10 mana vipers
  6 orc knights
  20 deep elf pyromancers
  2 cyclopes
  2 will-o-the-wisps
  5 orc sorcerers (Orc:2)
  A shining eye (shapeshifter) (Gauntlet)
  14 ugly things
  A salamander (shapeshifter) (Vaults:1)
  A shining eye (Gauntlet)
  3 manticores
  31 black mambas
  16 salamanders
  6 guardian serpents (Snake:4)
  11 naga magi
  3 gargoyles
  Joseph (D:10)
  An orange demon (D:9)
  An ice statue (Lair:4)
  3 torpor snails
  6 vault sentinels (Vaults:1)
  6 cane toads
  A kobold demonologist (D:11)
  6 rime drakes
  An ice devil (Orc:2)
  2 tengu conjurers (D:14)
  2 anaconda simulacra
  7 komodo dragons
  18 yaktaurs
  2 freezing wraiths
  4 trolls
  3 meliai (D:13)
  3 polar bears
  A bloated husk (Swamp:1)
  3 hornets
  A hellwing (Orc:2)
  11 tyrant leeches
  5 blink frogs (Lair:2)
  A tarantella (shapeshifter) (D:13)
  14 slime creatures
  2 water elementals
  6 air elementals
  9 flying skulls (Gauntlet)
  A centaur simulacrum (D:14)
  A dire elephant simulacrum (D:14)
  7 shadows
  A ynoxinul (Orc:2)
  3 wraiths
  49 yaks
  7 basilisks
  2 wyverns
  2 fire elementals
  3 hogs (Snake:3)
  A golden eye (Gauntlet)
  2 steam dragons (Lair:5)
  3 minotaur simulacra (D:14)
  8 vampire mosquitoes
  A neqoxec (Orc:2)
  2 wargs
  35 nagas
  17 swamp worms
  4 acid dragons
  11 water moccasins
  A floating eye (Gauntlet)
  Pargi (D:3)
  36 orc warriors
  13 swamp drakes
  3 black bears (D:6)
  10 ogres
  12 centaurs
  2 boggarts (Vaults:1)
  14 wolves
  A phantom (D:6)
  4 kobold brigands
  3 elf zombies (Ossuary)
  A gnoll sergeant (D:7)
  An earth elemental (Elf:1)
  11 bullfrogs
  4 scorpions
  A deep troll simulacrum (D:14)
  2 two-headed ogre simulacra (Lair:4)
  14 wights
  A small abomination (D:7)
  9 killer bees
  2 howler monkeys
  2 electric eels
  2 centaur zombies
  2 human zombies (Ossuary)
  3 bullfrog zombies (D:6)
  7 crimson imps (D:10)
  4 hounds
  2 jellies
  A gnoll bouda (D:6)
  36 orc priests
  Jessica (D:3)
  Ijyb (D:3)
  5 hell rats (Lair:2)
  8 iguanas
  2 sleepcaps (D:6)
  30 orc wizards
  A polar bear simulacrum (Lair:4)
  2 killer bee zombies (D:6)
  2 mummies (Ossuary)
  13 gnolls
  7 adders
  3 shadow imps
  2 white imps
  An ufetubus (D:5)
  An adder zombie (Ossuary)
  A worm (D:1)
  6 dart slugs
  111 orcs
  5 bats
  3 endoplasms
  2 giant cockroaches
  14 goblins
  9 hobgoblins
  4 quokkas
  5 ball pythons
  4 frilled lizards
  2 goblin zombies (Ossuary)
  7 hobgoblin zombies (Ossuary)
  A jackal zombie (Ossuary)
  16 kobolds
  8 kobold zombies (Ossuary)
  11 orc zombies (Ossuary)
  4 rats
  A rat zombie (Ossuary)
1227 creatures vanquished.

Vanquished Creatures (collateral kills)
  Nikola (Snake:4)
  2 hydras (Swamp:4)
  A death yak (Lair:1)
  A naga ritualist (Snake:4)
  A mana viper (Snake:4)
  2 black mambas (Snake:4)
  A komodo dragon (Lair:1)
  A yak (Lair:1)
  2 swamp drakes (Swamp:4)
  2 boggarts (Vaults:1)
14 creatures vanquished.

Vanquished Creatures (others)
  An anaconda (Snake:4)
  A bog body (Swamp:4)
  A mana viper (Snake:4)
  A human (Snake:3)
  4 nagas (Snake:4)
  An orc zombie (D:4)
  8 foxfires (Swamp:2)
  10 fungi
  25 plants
52 creatures vanquished.

Grand Total: 1293 creatures vanquished

Notes
Turn   | Place    | Note
-------+----------+-------------------------------------------
     0 | D:1      | Pooter the Minotaur Berserker began the quest for the Orb.
     0 | D:1      | Reached XP level 1. HP: 19/19 MP: 0/0
   228 | D:1      | Reached skill level 4 in Axes
   230 | D:1      | Reached XP level 2. HP: 23/27 MP: 1/1
   755 | D:2      | Identified a scroll of acquirement
   756 | D:2      | Acquired the +5 plate armour of Insurance {+Blink Str-2
                  | Dex+7 Slay+4}
   784 | D:2      | Reached XP level 3. HP: 33/33 MP: 2/2
  1149 | D:2      | Reached ** piety under Trog
  1194 | D:2      | Reached skill level 5 in Axes
  1342 | D:2      | Found Painaf's Antique Armour Shop.
  1485 | D:2      | Reached XP level 4. HP: 41/41 MP: 3/3
  1983 | D:3      | Noticed Ijyb
  1995 | D:3      | Killed Ijyb
  2362 | D:3      | Noticed Jessica
  2364 | D:3      | Killed Jessica
  2394 | D:3      | Noticed Pargi
  2399 | D:3      | Killed Pargi
  2400 | D:3      | Reached skill level 5 in Fighting
  2400 | D:3      | Reached skill level 6 in Axes
  2400 | D:3      | Reached XP level 5. HP: 48/48 MP: 4/4
  3000 | D:4      | Reached XP level 6. HP: 55/56 MP: 5/5
  3112 | D:4      | Found a sand-covered staircase.
  3119 | Ossuary  | Entered an ossuary
  3131 | Ossuary  | Reached *** piety under Trog
  3213 | Ossuary  | Reached skill level 7 in Axes
  3213 | Ossuary  | Reached skill level 1 in Evocations
  3231 | Ossuary  | Reached XP level 7. HP: 62/62 MP: 6/6
  3510 | D:4      | Reached skill level 5 in Armour
  3539 | D:4      | Reached skill level 8 in Axes
  3592 | D:4      | Reached **** piety under Trog
  4040 | D:5      | Entered Level 5 of the Dungeon
  4177 | D:5      | Reached XP level 8. HP: 67/71 MP: 7/7
  4263 | D:5      | Found a shimmering blue altar of Sif Muna.
  4302 | D:5      | Found a shadowy altar of Dithmenos.
  4305 | D:5      | Found a snail-covered altar of Cheibriados.
  4365 | D:5      | Reached skill level 9 in Axes
  4463 | D:5      | Reached skill level 1 in Ranged Weapons
  4610 | D:5      | Found a sacrificial altar of Ru.
  4657 | D:5      | Found a hazy altar of Hepliaklqana.
  5007 | D:5      | Found a bloodstained altar of Trog.
  5056 | D:5      | Reached XP level 9. HP: 79/79 MP: 8/8
  5109 | D:6      | You fall into a shaft and drop 2 floors!
  5132 | D:8      | Reached skill level 10 in Axes
  5241 | D:7      | Found a transporter.
  5263 | D:7      | Reached skill level 5 in Ranged Weapons
  5410 | D:6      | Found a basalt altar of Yredelemnul.
  5466 | D:6      | Reached ***** piety under Trog
  5473 | D:6      | Reached skill level 11 in Axes
  5698 | D:7      | Found a staircase to the Ecumenical Temple.
  6017 | D:7      | Found a transporter.
  6034 | D:7      | Found a one-way gate to the infinite horrors of the Abyss.
  6034 | D:7      | Noticed Darius099's ghost (novice TrMo)
  6529 | D:8      | Found a staircase to the Lair.
  6530 | D:8      | Noticed a komodo dragon
  6543 | D:8      | Killed a komodo dragon
  6544 | D:8      | Reached XP level 10. HP: 73/90 MP: 9/9
  6720 | D:8      | Noticed a two-headed ogre
  6727 | D:8      | Killed a two-headed ogre
  6944 | D:8      | Found the +3 hat of Pondering {ponderous, Will+ MP+10
                  | Int+5}
  6945 | D:8      | Noticed a lindwurm
  6961 | D:8      | Noticed a lindwurm
  6963 | D:8      | Noticed a lindwurm
  7073 | D:8      | Noticed a lindwurm
  7084 | D:8      | Killed a lindwurm
  7084 | D:8      | Killed a lindwurm
  7084 | D:8      | Killed a lindwurm
  7085 | D:8      | Reached skill level 12 in Axes
  7088 | D:8      | Killed a lindwurm
  7218 | D:8      | Identified the +8 broad axe "Keiwozuih" {pain, Str+4}
  7560 | D:9      | Noticed a two-headed ogre
  7567 | D:9      | Killed a two-headed ogre
  7739 | D:9      | Reached XP level 11. HP: 95/95 MP: 10/10
  7755 | D:9      | Noticed a tengu warrior
  7772 | D:9      | Killed a tengu warrior
  7773 | D:9      | Reached skill level 13 in Axes
  7991 | D:9      | Noticed Amaemon
  8005 | D:9      | Killed Amaemon
  8399 | D:10     | Entered Level 10 of the Dungeon
  8455 | D:10     | Noticed Snorg
  8466 | D:10     | Killed Snorg
  8526 | D:10     | Reached skill level 10 in Fighting
  8683 | D:10     | Noticed a two-headed ogre
  8689 | D:10     | Killed a two-headed ogre
  8690 | D:10     | Reached skill level 10 in Ranged Weapons
  8699 | D:10     | Reached skill level 14 in Axes
  8765 | D:10     | Noticed a two-headed ogre
  8770 | D:10     | Killed a two-headed ogre
  8792 | D:10     | Reached skill level 10 in Armour
  8855 | D:10     | Noticed Joseph
  8867 | D:10     | Killed Joseph
  9167 | Lair:1   | Entered Level 1 of the Lair of Beasts
  9167 | Lair:1   | Noticed Gastronok
  9168 | Lair:1   | Noticed Fannar
  9176 | Lair:1   | Killed Gastronok
  9177 | Lair:1   | Reached XP level 12. HP: 108/108 MP: 11/11
  9180 | Lair:1   | Killed Fannar
  9318 | Lair:1   | Noticed a death yak
  9318 | Lair:1   | Noticed a death yak
  9319 | Lair:1   | Noticed a death yak
  9327 | Lair:1   | Killed a death yak
  9327 | Lair:1   | Killed a death yak
  9328 | Lair:1   | Killed a death yak
  9329 | Lair:1   | Reached skill level 15 in Axes
 10076 | Lair:2   | Found a gate leading to a gauntlet.
 10115 | Gauntlet | Entered a Gauntlet
 10115 | Gauntlet | Found a transporter.
 10128 | Gauntlet | Found a transporter.
 10128 | Gauntlet | Found a transporter.
 10130 | Gauntlet | Gained mutation: You occasionally lose the ability to read
                  | scrolls when taking damage. [a shining eye]
 10133 | Gauntlet | Found a transporter.
 10148 | Gauntlet | Found a transporter.
 10148 | Gauntlet | Found a transporter.
 10157 | Gauntlet | Found a transporter.
 10164 | Gauntlet | Found a transporter.
 10164 | Gauntlet | Found a transporter.
 10164 | Gauntlet | Found a transporter.
 10164 | Gauntlet | Gained mutation: Your magical capacity is low. (-10% MP) [a
                  | shining eye]
 10165 | Gauntlet | Gained mutation: Your spells are a little easier to cast,
                  | but a little less powerful. [a shining eye]
 10175 | Gauntlet | Lost mutation: Your magical capacity is low. (-10% MP)
                  | [potion of mutation]
 10175 | Gauntlet | Lost mutation: Your spells are a little easier to cast, but
                  | a little less powerful. [potion of mutation]
 10175 | Gauntlet | Lost mutation: You occasionally lose the ability to read
                  | scrolls when taking damage. [potion of mutation]
 10175 | Gauntlet | Gained mutation: You have very sharp teeth. [potion of
                  | mutation]
 10175 | Gauntlet | Gained mutation: You have hidden genetic defects. [potion
                  | of mutation]
 10175 | Gauntlet | Gained mutation: You are partially covered in iridescent
                  | scales. (AC +2) [potion of mutation]
 10177 | Gauntlet | Found a runed translucent gate.
 10177 | Gauntlet | Found a runed translucent gate.
 10177 | Gauntlet | Found a runed translucent gate.
 10179 | Gauntlet | Found a transporter.
 10181 | Gauntlet | Found a transporter.
 10182 | Gauntlet | Found a transporter.
 10342 | Gauntlet | Identified the +2 pair of boots of Xetec {Fly rC- Int+3}
 10362 | Gauntlet | Lost mutation: You have hidden genetic defects. [potion of
                  | mutation]
 10362 | Gauntlet | Lost mutation: You have very sharp teeth. [potion of
                  | mutation]
 10362 | Gauntlet | Lost mutation: You are partially covered in iridescent
                  | scales. (AC +2) [potion of mutation]
 10362 | Gauntlet | Gained mutation: You are frail. (-10% HP) [potion of
                  | mutation]
 10362 | Gauntlet | Gained mutation: You possess an exceptional clarity of
                  | mind. [potion of mutation]
 10362 | Gauntlet | Gained mutation: A frigid envelope surrounds you and
                  | freezes all who hurt you. [potion of mutation]
 10369 | Gauntlet | Found a transporter.
 10397 | Gauntlet | Noticed a minotaur
 10404 | Gauntlet | Killed a minotaur
 10575 | Gauntlet | Identified the +3 falchion of the Hurling Asp {flame, rF++}
 10671 | Lair:2   | Reached XP level 13. HP: 94/105 MP: 12/12
 10709 | Lair:2   | Found an ancient bone altar of Kikubaaqudgha.
 10820 | Lair:2   | Found a staircase to the Swamp.
 10869 | Lair:2   | Reached skill level 16 in Axes
 11410 | Lair:3   | Identified the +0 flail of Bayl {heavy, rElec rF- Int-5
                  | Dex+7}
 11628 | Lair:3   | Noticed Urug
 11636 | Lair:3   | Killed Urug
 11637 | Lair:3   | Reached skill level 5 in Evocations
 11719 | Lair:3   | Found the +1 robe of Vines {NoPotionHeal Regen++++}
 11850 | Lair:3   | Found a staircase to the Snake Pit.
 13002 | Lair:4   | Found a runed translucent door.
 13025 | Lair:4   | Reached skill level 17 in Axes
 13273 | Lair:5   | Entered Level 5 of the Lair of Beasts
 13284 | Lair:5   | Found a staircase to the Slime Pits.
 13292 | Lair:5   | Found a viscous altar of Jiyva.
 13665 | Lair:5   | Noticed a fire dragon
 13675 | Lair:5   | Killed a fire dragon
 13677 | Lair:5   | Reached XP level 14. HP: 105/114 MP: 13/13
 13864 | Lair:5   | Found a runed translucent door.
 14194 | Lair:5   | Noticed luigi's ghost (journeyman MeEE)
 14203 | Lair:5   | Killed luigi's ghost
 14206 | Lair:5   | Identified the amulet of Ughoar {-Tele rF+ Regen+ Int+3}
 14987 | D:11     | Found a staircase to the Orcish Mines.
 15304 | Orc:1    | Entered Level 1 of the Orcish Mines
 15329 | Orc:1    | Found an ornate altar of the Wu Jian Council.
 15329 | Orc:1    | Found a transporter.
 15472 | Orc:1    | Found a transporter.
 15479 | Orc:1    | Found a transporter.
 15505 | Orc:1    | Found Webbuxoy's Gadget Gallery.
 15547 | Orc:1    | Bought a wand of charming (4) for 153 gold pieces
 15620 | Orc:1    | Found Diwoaph's Weapon Shoppe.
 15628 | Orc:1    | Bought a +0 arbalest for 63 gold pieces
 15652 | Orc:1    | Found a transporter.
 15961 | Orc:1    | Noticed an orc warlord
 15961 | Orc:1    | Found an ornate altar of the Wu Jian Council.
 15967 | Orc:1    | Killed an orc warlord
 16035 | Orc:2    | Entered Level 2 of the Orcish Mines
 16272 | Orc:2    | Found a staircase to the Elven Halls.
 16652 | Orc:2    | Found Coud's Weapon Shoppe.
 19570 | Orc:2    | Found Oruemotz's Magic Scroll Shoppe.
 19572 | Orc:2    | Found Bakku Juevut's Distillery.
 19601 | Orc:2    | Bought a scroll of blinking for 120 gold pieces
 19601 | Orc:2    | Bought a scroll of enchant weapon for 120 gold pieces
 19605 | Orc:2    | Bought a potion of resistance for 120 gold pieces
 19605 | Orc:2    | Bought a potion of heal wounds for 60 gold pieces
 19605 | Orc:2    | Bought 2 potions of haste for 240 gold pieces
 19605 | Orc:2    | Bought a potion of curing for 36 gold pieces
 19605 | Orc:2    | Bought a potion of curing for 36 gold pieces
 19760 | Orc:2    | Paralysed by an orc sorcerer for 2 turns
 19784 | Orc:2    | Reached skill level 18 in Axes
 20243 | Orc:2    | Found Seduuv's Book Boutique.
 20243 | Orc:2    | Found Feuvoups's Antique Weapon Shop.
 20244 | Orc:2    | Found a one-way gate leading to the halls of Pandemonium.
 20495 | D:12     | Reached skill level 15 in Ranged Weapons
 20608 | D:12     | Noticed a sphinx
 20610 | D:12     | Killed a sphinx
 20695 | D:12     | Identified the +3 war axe "Dijatu" {vamp, rPois rC++ MP+9
                  | Dex-3}
 21012 | D:12     | Found Ihinyczid's Book Emporium.
 21536 | D:12     | Reached XP level 15. HP: 113/122 MP: 14/14
 21553 | D:13     | Paralysed by something for 2 turns
 21615 | D:13     | Found a gate to the Vaults.
 22105 | D:13     | Identified the +0 pair of boots of Dacsadgh {rC+ Will+
                  | Dex-4 Stlth+}
 22500 | D:14     | Found a sacrificial altar of Ru.
 22973 | D:14     | Reached skill level 19 in Axes
 24156 | D:14     | Upgraded the game from 0.30-a0-862-g1aabd4f9c5 to
                  | 0.30-a0-867-g305f33218d
 24167 | D:15     | Entered Level 15 of the Dungeon
 24882 | D:15     | Noticed an emperor scorpion
 24888 | D:15     | Killed an emperor scorpion
 24940 | D:15     | Found a portal to a secret trove of treasure.
 25126 | D:15     | Found a staircase to the Depths.
 25325 | D:7      | Killed Darius099's ghost
 25366 | D:7      | Received a gift from Trog
 25520 | Swamp:1  | Entered Level 1 of the Swamp
 25556 | Swamp:1  | Reached XP level 16. HP: 132/132 MP: 15/15
 25729 | Swamp:1  | Reached skill level 20 in Axes
 25739 | Swamp:1  | Reached skill level 1 in Throwing
 25744 | Swamp:1  | Reached skill level 1 in Stealth
 26018 | Swamp:1  | Noticed Donald
 26021 | Swamp:1  | Killed Donald
 27236 | Swamp:2  | Reached skill level 15 in Fighting
 27799 | Swamp:3  | Noticed a thorn hunter
 27804 | Swamp:3  | Killed a thorn hunter
 28166 | Swamp:4  | Entered Level 4 of the Swamp
 28431 | Swamp:4  | Reached skill level 15 in Armour
 28447 | Swamp:4  | Noticed the 27-headed Lernaean hydra
 28454 | Swamp:4  | Killed the 26-headed Lernaean hydra
 28534 | Swamp:4  | Reached skill level 5 in Dodging
 29385 | Swamp:4  | Got a decaying rune of Zot
 29493 | Swamp:4  | Reached skill level 21 in Axes
 29493 | Swamp:4  | Reached XP level 17. HP: 140/140 MP: 16/16
 30009 | Snake:1  | Entered Level 1 of the Snake Pit
 30014 | Snake:1  | Received a gift from Trog
 30350 | Snake:1  | Found Cixy's Armour Emporium.
 30460 | Snake:1  | Found Tiagiabli's Antique Weapon Shoppe.
 30461 | Snake:1  | Found Intul's Distillery.
 30466 | Snake:1  | Found Waguyx's Antique Weapon Shoppe.
 30466 | Snake:1  | Found Iloss's Distillery.
 30473 | Snake:1  | Bought a potion of resistance for 150 gold pieces
 30473 | Snake:1  | Bought a potion of mutation for 120 gold pieces
 30473 | Snake:1  | Bought a potion of haste for 150 gold pieces
 30473 | Snake:1  | Bought a potion of curing for 45 gold pieces
 30473 | Snake:1  | Bought a potion of mutation for 120 gold pieces
 30530 | Snake:1  | Bought a potion of might for 44 gold pieces
 30530 | Snake:1  | Bought a potion of cancellation for 88 gold pieces
 30530 | Snake:1  | Bought a potion of invisibility for 88 gold pieces
 30530 | Snake:1  | Bought 2 potions of resistance for 220 gold pieces
 30530 | Snake:1  | Bought 2 potions of heal wounds for 110 gold pieces
 30530 | Snake:1  | Bought a potion of curing for 33 gold pieces
 30530 | Snake:1  | Bought 2 potions of invisibility for 176 gold pieces
 30530 | Snake:1  | Bought a potion of might for 44 gold pieces
 30530 | Snake:1  | Bought a potion of curing for 33 gold pieces
 31919 | Snake:2  | Found Gaat's Weapon Shoppe.
 32037 | Snake:2  | Found Muvuonuc's Distillery.
 32043 | Snake:2  | Bought a potion of heal wounds for 75 gold pieces
 32043 | Snake:2  | Bought 3 potions of mutation for 360 gold pieces
 32043 | Snake:2  | Bought a potion of mutation for 120 gold pieces
 32550 | Snake:3  | Reached skill level 5 in Throwing
 32607 | Snake:3  | Noticed Kirke
 32614 | Snake:3  | Killed Kirke
 32642 | Snake:3  | Received a gift from Trog
 33171 | Snake:4  | Entered Level 4 of the Snake Pit
 33175 | Snake:4  | Noticed Saint Roka
 33417 | Snake:3  | Killed Saint Roka
 33508 | Snake:4  | Found Zimm's General Store.
 33620 | Snake:4  | Bought a scroll of fog for 72 gold pieces
 33686 | Snake:4  | Reached skill level 5 in Stealth
 34523 | Snake:4  | HP: 10/213 [nagaraja/bolt of poison (8)]
 34529 | Snake:4  | HP: 9/213 [poisoned by a nagaraja (splash of poison)]
 34918 | Snake:4  | Reached skill level 22 in Axes
 34922 | Snake:4  | Reached XP level 18. HP: 149/149 MP: 17/17
 35973 | Snake:4  | Got a serpentine rune of Zot
 36163 | Snake:4  | Received a gift from Trog
 36183 | Snake:4  | Noticed Nikola
 36190 | Snake:4  | Found Uhodadey's General Store.
 36200 | Snake:4  | Killed Nikola
 36300 | Snake:4  | Bought a scroll of magic mapping for 82 gold pieces
 36300 | Snake:4  | Bought a potion of heal wounds for 55 gold pieces
 36324 | Snake:4  | Found Giquse's Distillery.
 36332 | Snake:4  | Bought a potion of mutation for 144 gold pieces
 36332 | Snake:4  | Bought a potion of mutation for 144 gold pieces
 36332 | Snake:4  | Bought a potion of might for 72 gold pieces
 36750 | Elf:1    | Entered Level 1 of the Elven Halls
 36849 | Elf:1    | Noticed a Tzitzimitl
 37190 | Elf:1    | Paralysed by an air elemental for 1 turns
 37240 | Elf:1    | Paralysed by an air elemental for 1 turns
 37414 | Elf:1    | Found Qepp's Jewellery Boutique.
 37480 | Elf:1    | Paralysed by an air elemental for 1 turns
 37978 | Elf:2    | Found Facetiar's Armour Boutique.
 37981 | Elf:2    | Paralysed by an air elemental for 1 turns
 37984 | Elf:2    | Paralysed by an air elemental for 1 turns
 38512 | Elf:2    | Found a runed translucent gate.
 38513 | Elf:2    | Found a runed translucent gate.
 38513 | Elf:2    | Found a runed translucent gate.
 38626 | Elf:3    | Entered Level 3 of the Elven Halls
 38805 | Elf:3    | Found the +8 storm bow {elec, penet}
 38816 | Elf:3    | Identified the +0 ring mail of Impressiveness {rC+ rCorr
                  | Int-2}
 38875 | Elf:3    | Reached ****** piety under Trog
 38884 | Elf:3    | Received a gift from Trog
 39142 | Elf:3    | Found Qatin's CLEARANCE SALE!.
 39154 | Elf:3    | Bought the amulet of the Four Winds {rN+ Will+++ Clar} for
                  | 303 gold pieces
 39154 | Elf:3    | Found the amulet of the Four Winds {rN+ Will+++ Clar}
 39165 | Elf:3    | Lost mutation: A frigid envelope surrounds you and freezes
                  | all who hurt you. [potion of mutation]
 39165 | Elf:3    | Lost mutation: You are frail. (-10% HP) [potion of
                  | mutation]
 39165 | Elf:3    | Gained mutation: You are clumsy. (Dex -2) [potion of
                  | mutation]
 39165 | Elf:3    | Gained mutation: You are strong-willed. (Will+) [potion of
                  | mutation]
 39165 | Elf:3    | Gained mutation: Your movements are slightly less
                  | encumbered by armour. (ER -2) [potion of mutation]
 39166 | Elf:3    | Lost mutation: Your movements are slightly less encumbered
                  | by armour. (ER -2) [potion of mutation]
 39166 | Elf:3    | Lost mutation: You are clumsy. (Dex -2) [potion of
                  | mutation]
 39166 | Elf:3    | Gained mutation: You are robust. (+10% HP) [potion of
                  | mutation]
 39166 | Elf:3    | Gained mutation: Your mind is acute. (Int +4, Str/Dex -1)
                  | [potion of mutation]
 39170 | Elf:3    | Lost mutation: You are robust. (+10% HP) [potion of
                  | mutation]
 39170 | Elf:3    | Lost mutation: Your mind is acute. (Int +4, Str/Dex -1)
                  | [potion of mutation]
 39170 | Elf:3    | Lost mutation: You possess an exceptional clarity of mind.
                  | [potion of mutation]
 39170 | Elf:3    | Gained mutation: You have large cloven feet. [potion of
                  | mutation]
 39170 | Elf:3    | Gained mutation: You expend magic power (3 MP) to
                  | strengthen your wands. [potion of mutation]
 39171 | Elf:3    | Lost mutation: You expend magic power (3 MP) to strengthen
                  | your wands. [potion of mutation]
 39171 | Elf:3    | Lost mutation: You have large cloven feet. [potion of
                  | mutation]
 39171 | Elf:3    | Lost mutation: You are strong-willed. (Will+) [potion of
                  | mutation]
 39171 | Elf:3    | Gained mutation: You are strong-willed. (Will+) [potion of
                  | mutation]
 39171 | Elf:3    | Gained mutation: Your system is resistant to poisons.
                  | (rPois) [potion of mutation]
 39743 | Elf:3    | Identified the +9 battleaxe of Spite {heavy, rC- rN+++
                  | Will- Int+3}
 39743 | Elf:3    | Identified the amulet "Rifey" {Regen+ Str+2 Slay+3}
 39855 | Elf:3    | Identified the +1 plate armour of a Million Geomancers
                  | {Dex+8}
 39869 | Elf:3    | Identified the +3 leather armour "Nacvinyv" {rF- Str+3
                  | Dex+2}
 39872 | Elf:3    | Identified the +3 broad axe "Dikhih" {distort, Will+}
 39953 | Elf:3    | Received a gift from Trog
 39967 | Elf:3    | Identified the +8 mace "Ruluotzecku" {freeze, rF+ rC+}
 39970 | Elf:3    | Paralysed by an air elemental for 1 turns
 40165 | Elf:3    | Identified the +4 ring mail of the Unseen Realm {Dex+4
                  | Slay+2}
 40167 | Elf:3    | Noticed a Brimstone Fiend
 40653 | Elf:3    | Noticed a Hell Sentinel
 40725 | Elf:3    | Reached XP level 19. HP: 134/174 MP: 18/18
 40995 | Elf:3    | Identified the +3 short sword of Kuczuel {venom, rF+ Dex+4}
 40999 | Elf:3    | Reached skill level 23 in Axes
 41052 | Elf:3    | Identified the +8 sling "Zarainusa" {freeze, rN+ Int+2}
 41114 | Elf:3    | Reached skill level 10 in Evocations
 41291 | Elf:3    | Identified the +3 kite shield of Julefofi {rF+}
 41506 | Vaults:1 | Entered Level 1 of the Vaults
 42066 | Vaults:1 | Acquired a manual of Armour
 42068 | Vaults:1 | Acquired 1170 gold pieces
 43380 | Vaults:1 | Noticed Zenata
 43386 | Vaults:1 | Killed Zenata
 43445 | Vaults:1 | Received a gift from Trog
 44008 | Vaults:1 | HP: 7/177 [vault warden/+0 great mace[a boggart] (14)]
 44009 | Vaults:1 | Mangled by a vault warden

Illustrated notes

Levels and vault maps discovered:
D:1:      scummos_arrival_checkerplants, layout_loops_cross, nicolae_wormholes
D:2:      minmay_general_purpose_star, layout_loops_corners, serial_shops,
          nicolae_shop_advertising_works [nicolae_subvault_shop_adworks],
          eino_curves_02, grunt_decor_arrowhead, minmay_puff
D:3:      layout_basic, kennysheep_generic_room_8, uniq_ijyb, uniq_pargi,
          uniq_jessica
D:4:      kennysheep_the_goblin_king, layout_basic, enter_ossuary_1
D:5:      layout_basic, nicolae_sif_muna_little_library, marbit_many_paths,
          nicolae_overflow_hidden_temple
D:6:      layout_basic, nicolae_yredelemnul_corpse_copse
D:7:      layout_rooms, minmay_temple_entry_glass,
          gammafunk_ghost_abyssal_escape, minmay_misc_feat_pillars
D:8:      layout_cave_pods, david_lair_shrubbed, minmay_lindwurm_lava
D:9:      layout_basic, uniq_amaemon
D:10:     nicolae_cairo_tiling_large, layout_rooms, minmay_nine_imps,
          uniq_snorg, uniq_joseph
D:11:     layout_long_grid, hiddenorc2_lemuel
D:12:     minmay_shrinking_squares, layout_loops_ring, serial_shops,
          nicolae_shop_trees, kennysheep_generic_room_11
D:13:     layout_grid_maze, david_vaults_2, kennysheep_generic_room_7
D:14:     kennysheep_room_grid, layout_cave_pods, basic_altar,
          portal_ice_cave_entry_ice_simulacra
D:15:     hangedman_depths_entry_try_elsewhere_first, layout_rooms,
          abandoned_shop, enter_trove_5
Lair:1:   layout_hall_layers, grunt_megastairs_5, serial_bayou_shore_a,
          uniq_gastronok, uniq_fannar
Lair:2:   layout_regular_city, swamp_mist_pool, gauntlet_entry_generic,
          basic_altar
Lair:3:   layout_regular_city, nicolae_snake_entry_squirm, serial_bayou_shore_b,
          uniq_urug
Lair:4:   dreamdust_isle_of_ice, layout_gridlike, pf_torpor_hydra,
          infiniplex_staircase_pool
Lair:5:   guppyfry_lair_end_dragon, layout_regular_city, slime_entry_1,
          ebering_ghost_inner_flame
Swamp:1:  layout_basic_swamp, nicolae_swamp_little_swirl, uniq_donald
Swamp:2:  layout_basic_swamp, evilmike_swamp_ruin_house_5
Swamp:3:  layout_falls_marsh, nicolae_swamp_round_clearing
Swamp:4:  swamp_basic_johnstein, layout_basic_swamp
Snake:1:  layout_onion_interference, serial_shops, nicolae_shop_behind_doors,
          minmay_shop_grid_forest
Snake:2:  layout_chambers, minmay_shoptagon
Snake:3:  layout_rooms, uniq_kirke
Snake:4:  snake_pit_salamanders_mu, layout_onion_interference, serial_shops,
          shop, nicolae_square_shop, shop, uniq_nikola, uniq_saint_roka
Orc:1:    dreamdust_wu_jian_sword_trials, layout_caves, serial_shops, shop,
          nicolae_shop_gadgets
Orc:2:    pf_orc_diabolical, layout_diamond_mine, serial_shops,
          nicolae_shop_bloodbath_and_beyond
Elf:1:    layout_loops_corners, serial_shops, nicolae_shop_behind_doors,
          hangedman_elf_represent
Elf:2:    nicolae_elf_blades_crystal_corner, layout_rooms, serial_shops, shop
Elf:3:    elf_hall_gauntlet_narrow, layout_loops_ring, nicolae_shop_clearance
Vaults:1: hangedman_vaults_trim, st_smaller_cells, hangedman_vaults_corner,
          nicolae_vaults_twisting_passages, vaults_room_semicircle,
          hangedman_vaults_variations, vaults_mumra_chevron,
          ontoclasm_vaults_tryst, nicolae_vaults_little_squares_3,
          vaults_standard_mumra_enter_the_diamond,
          ontoclasm_vaults_loading_screen, v_misc_27, layout_vaults_maze_bifur,
          uniq_zenata

Skill      XL: |  1  2  3  4  5  6  7  8  9 10 11 12 13 14 15 16 17 18 19 |
---------------+----------------------------------------------------------+-----
Axes           | 4 5 6 7 8 9 11 12 14 15 17 18 19 21 22 23 | 23.6
Fighting       | 4 5 6 7 8 9 10 11 12 13 14 15 16 17 | 17.3
Armour         | 3 4 5 6 7 9 10 11 12 13 14 15 16 17 | 17.4
Evocations     | 1 2 4 5 6 7 8 9 10 | 10.4
Ranged Weapons | 3 6 8 10 12 13 15 16 | 16.8
Throwing       | 4 6 7 8 |  8.3
Stealth        | 3 5 6 7 |  7.6
Dodging        | 5 7 8 9 |  9.5

Action                     |  1- 3 |  4- 6 |  7- 9 | 10-12 | 13-15 | 16-18 | 19-21 || total
---------------------------+-------+-------+-------+-------+-------+-------+-------++-------
  Melee: War axe           |    70 |    89 |   151 |       |       |       |       ||   310
         Hand axe          |     2 |       |       |       |       |       |       ||     2
         Headbutt          |    12 |    16 |    41 |    42 |    76 |    49 |    31 ||   267
         Punch             |       |     1 |     2 |       |       |       |       ||     3
         Battleaxe         |       |       |    59 |   219 |   383 |    47 |   126 ||   834
         Morningstar       |       |       |       |       |     3 |       |       ||     3
         Demon whip        |       |       |       |       |     1 |       |       ||     1
         Flail             |       |       |       |       |     3 |       |       ||     3
         Executioner's axe |       |       |       |       |     2 |   203 |       ||   205
   Fire: Shortbow          |       |       |    34 |    61 |    49 |       |       ||   144
         Arbalest          |       |       |       |       |   313 |   577 |   102 ||   992
  Throw: Dart              |       |     7 |    13 |       |     9 |     8 |     3 ||    40
         Boomerang         |       |       |       |     1 |     3 |     1 |       ||     5
 Invoke: Berserk           |       |     1 |     3 |     7 |    10 |     8 |     3 ||    32
         Trog's Hand       |       |     3 |    12 |    12 |    36 |    17 |     4 ||    84
         Brothers in Arms  |       |       |       |     2 |     2 |       |       ||     4
  Evoke: Wand              |       |       |     7 |       |    15 |    16 |     2 ||    40
         Box of beasts     |       |       |       |       |       |     2 |       ||     2
         Lightning rod     |       |       |       |       |       |     4 |       ||     4
         Tin of tremorston |       |       |       |       |       |       |     2 ||     2
    Use: Scroll            |     4 |     2 |     8 |    19 |    11 |    10 |     3 ||    57
         Potion            |       |       |       |     5 |     4 |    10 |       ||    19
   Stab: Distracted        |       |       |       |       |       |     1 |       ||     1
 Armour: Animal skin       |     4 |       |       |       |       |       |       ||     4
         Chain mail        |    10 |       |       |       |       |       |       ||    10
         Plate armour      |    26 |    68 |   108 |   126 |   359 |   473 |   116 ||  1276
  Dodge: Dodged            |    29 |    34 |    95 |    70 |   212 |   312 |   127 ||   879
  Block: Other             |       |       |    32 |    49 |   129 |   103 |       ||   313
         Reflection        |       |       |     6 |     1 |    16 |    17 |       ||    40

Table legend: (Time is in decaauts)
 A = Elapsed time spent in this place.
 B = Non-inter-level travel time spent in this place.
 C = Inter-level travel time spent in this place.
 D = Time resting spent in this place.
 E = Time spent auto-exploring this place.
 F = Levels seen in this place.
 G = Mean time per level.
                   A        B        C        D        E       F      G
               +--------+--------+--------+--------+--------+-----+--------+
         Total |  45128 |  43003 |   2125 |  15215 |  19886 |  36 | 1253.6 |
       Dungeon |  15781 |  14869 |    912 |   2950 |   9136 |  15 | 1052.1 |
          Lair |   5084 |   4563 |    521 |    661 |   3122 |   5 | 1016.8 |
         Swamp |   4516 |   4371 |    145 |   1587 |   2107 |   4 | 1129.0 |
     Snake Pit |   6710 |   6594 |    116 |   3279 |   2383 |   4 | 1677.5 |
  Orcish Mines |   5338 |   5027 |    311 |   3358 |    689 |   2 | 2669.0 |
   Elven Halls |   4775 |   4657 |    118 |   1857 |   1743 |   3 | 1591.7 |
        Vaults |   2227 |   2227 |      0 |   1223 |    628 |   1 | 2227.0 |
       Ossuary |    218 |    218 |      0 |      0 |     72 |   1 |  218.0 |
      Gauntlet |    476 |    476 |      0 |    296 |      5 |   1 |  476.0 |
               +--------+--------+--------+--------+--------+-----+--------+

Top non-repeatable levels by time:
   Orc:2: 4364 daAuts
 Snake:4: 3078 daAuts
   Elf:3: 2794 daAuts
Vaults:1: 2227 daAuts
 Swamp:4: 1674 daAuts
    D:13: 1628 daAuts
 Snake:2: 1614 daAuts
    D:14: 1480 daAuts
   Elf:1: 1445 daAuts
     D:8: 1310 daAuts
     D:9: 1304 daAuts
     D:2: 1178 daAuts
 Swamp:2: 1148 daAuts
 Snake:3: 1145 daAuts
    D:12: 1135 daAuts
